 Dungeon Crawl Stone Soup version 0.21-a0-538-gd16b88a (webtiles) character file.

466 Lasiace the Skirmisher (level 7, -3/70 HPs)
             Began as an Ogre Arcane Marksman on Dec 16, 2017.
             Was a Follower of Okawaru.
             Slain by an ogre
             ... wielding a +0 giant club
              (28 damage)
             ... on level 4 of the Dungeon.
             The game lasted 00:25:52 (4898 turns).

Lasiace the Skirmisher (Ogre Arcane Marksman)       Turns: 4898, Time: 00:25:53

Health: -3/70      AC:  3    Str: 15    XL:     7   Next: 8%
Magic:  9/11       EV: 13    Int: 14    God:    Okawaru [*.....]
Gold:   205        SH:  0    Dex: 11    Spells: 6/12 levels left

rFire    . . .     SeeInvis .   a - +1 mace
rCold    + . .     Gourm    .   (no shield)
rNeg     . . .     Faith    .   D - +0 robe (curse)
rPois    .         Spirit   .   (helmet restricted)
rElec    .         Reflect  .   (no cloak)
rCorr    .         Harm     .   (gloves unavailable)
MR       .....                  (boots unavailable)
Stlth    +++.......             (no amulet)
HPRegen  0.21/turn              I - ring of protection from cold
MPRegen  0.12/turn              (no ring)

@: heroism
A: large, unfitting armour, tough skin 1
a: Heroism, Renounce Religion


You were on level 4 of the Dungeon.
You worshipped Okawaru.
Okawaru was aware of your devotion.
You were not hungry.

You visited 1 branch of the dungeon, and saw 4 of its levels.

You collected 205 gold pieces.

Inventory:

Hand Weapons
 a - a +1 mace (weapon)
 b - a +0 blowgun
 B - a +0 hunting sling
Missiles
 c - a large rock {@Q6 @f6}
 h - 111 stones {@Q0 @f0}
 p - 2 throwing nets {=f !f @Q7 @f7}
 r - 2 tomahawks (quivered) {@Q8 @f8}
 v - 10 sling bullets {@Q3 @f3}
 z - 4 curare-tipped needles
 C - 2 needles of paralysis
Armour
 D - a cursed +0 robe (worn)
Jewellery
 I - a ring of protection from cold (left hand)
Scrolls
 k - a scroll of remove curse
 l - a scroll of enchant weapon
 x - a scroll of identify {@r4}
Potions
 e - 2 potions of ambrosia
 i - a potion of heal wounds {@q1}
 j - a potion of flight
 m - 4 potions of curing {@q2}
 n - 2 potions of mutation {!q!q}
 q - a potion of haste {unknown}
 w - 2 potions of might {unknown}
Books
 y - a book of Debilitation

   Spells                             Type                      Level
   a - Corona                         Hexes                        1
   b - Slow                           Hexes                        2
   c - Inner Flame                    Hexes/Fire                   3
   d - Portal Projectile              Hexes/Translocation          3
   e - Cause Fear                     Hexes                        4
   f - Leda's Liquefaction            Hexes/Earth                  4
Comestibles
 d - 3 chunks of flesh
 f - 3 bread rations
 g - a meat ration
 o - 2 royal jellies


   Skills:
 - Level 4.1(9.1) Fighting
 - Level 4.0(9.0) Maces & Flails
 + Level 3.5(8.5) Throwing
 - Level 2.0(7.0) Dodging
 - Level 3.0 Spellcasting
 - Level 3.0 Hexes


You had 6 spell levels left.
You knew the following spells:

 Your Spells              Type           Power        Failure   Level  Hunger
a - Corona                Hex            ##.....      6%          1    #......
b - Slow                  Hex            ##......     10%         2    ##.....
g - Portal Projectile     Hex/Tloc       #.....       34%         3    ###....


Dungeon Overview and Level Annotations

Branches:
Dungeon (4/15)
 Temple: D:4-7

Altars:
Ashenzari
Fedhas
Okawaru
Vehumet

Annotations:
D:4 exclusion: statue


Innate Abilities, Weirdness & Mutations

You are too large for most types of armour.
You have tough skin. (AC +1)


Message History

You gain the combat prowess of a mighty hero.
The gnoll hits you from afar with a scythe!
The gnoll barely misses you.
You hit the gnoll.
The gnoll is lightly wounded.
You thump the gnoll!
The gnoll is heavily wounded.
The gnoll hits you with a scythe!
You hit the gnoll.
The gnoll is almost dead.
The gnoll hits you with a scythe.
You barely miss the gnoll.
The gnoll is almost dead.
You thump the gnoll!
You kill the gnoll!
Okawaru accepts your kill.
You hit the ogre.
The ogre is moderately wounded.
The ogre hits you with a giant club!!
You die...

.................# .... . #....
.................#.....#. #(...
#####...##..............#####.(..
##...##..#.#########..........
#....#####.# ......#..........
#....#...#.# 8._..............
##...##....# .....#........?.
##...##..#.#########.#####....
#....##..#...@O..........+....
#.....#..##...##.........#....
#.....#..##...##.........#....
#######..#....##...#####+# ...
#..#....##...# #..#..........
+..#........... #..#...........#
################


You could see an ogre.

Vanquished Creatures
  Sigmund (D:3)
  A howler monkey (D:4)
  A hound (D:4)
  Natasha (thrice) (D:3)
  6 gnolls
  3 adders
  2 oozes
  2 worms
  A dart slug (D:1)
  4 leopard geckos
  2 orcs
  A ball python (D:2)
  3 giant cockroaches
  6 goblins
  2 hobgoblins
  7 jackals
  4 kobolds
  A quokka (D:2)
  9 bats
  4 frilled lizards
  A jackal skeleton (D:4)
  6 rats
70 creatures vanquished.

Notes
Turn   | Place    | Note
-------+----------+-------------------------------------------
     0 | D:1      | Lasiace the Ogre Arcane Marksman began the quest for the Orb.
     0 | D:1      | Reached XP level 1. HP: 19/19 MP: 2/2
   250 | D:1      | Reached XP level 2. HP: 17/27 MP: 0/4
   638 | D:1      | HP: 1/27 [kobold (3)]
  1061 | D:1      | Reached XP level 3. HP: 29/33 MP: 5/7
  1696 | D:2      | Found a shattered altar of Ashenzari.
  1994 | D:2      | Learned a level 2 spell: Slow
  1998 | D:2      | Learned a level 3 spell: Portal Projectile
  2146 | D:2      | Found an iron altar of Okawaru.
  2178 | D:2      | Reached XP level 4. HP: 26/45 MP: 5/8
  2264 | D:2      | Became a worshipper of Warmaster Okawaru
  2949 | D:3      | Reached skill level 1 in Maces & Flails
  2949 | D:3      | Reached XP level 5. HP: 54/54 MP: 7/9
  3279 | D:3      | Noticed Natasha
  3280 | D:3      | Killed Natasha
  3549 | D:3      | Noticed Sigmund
  3559 | D:3      | Killed Sigmund
  3559 | D:3      | Reached XP level 6. HP: 29/62 MP: 8/10
  3798 | D:3      | Noticed Natasha
  3802 | D:3      | Killed Natasha
  3999 | D:3      | Found a blossoming altar of Fedhas.
  4487 | D:3      | Noticed Natasha
  4489 | D:3      | Killed Natasha
  4489 | D:3      | Reached * piety under Okawaru
  4795 | D:4      | Found a radiant altar of Vehumet.
  4805 | D:4      | Reached XP level 7. HP: 70/70 MP: 8/11
  4898 | D:4      | Slain by an ogre

Vault maps used:
D:1:      sevenhm_arrival_forest_fort_small_6, minmay_misc_feat_columns,
          roderic_lattice_a, minivault_25, st_stairs_4, corexii_corridor_pit
D:2:      okawaru_ov_weapons_minmay, nicolae_ashenzari_panopticon
D:3:      marbit_many_paths, uniq_sigmund, uniq_natasha
D:4:      vehumet_statue, first_bread, sigmund_army

Skill      XL: |  1  2  3  4  5  6 |
---------------+-------------------+-----
Hexes          | 3 |  3.0
Spellcasting   | 2 3 |  3.0
Fighting       | 3 4 |  4.1
Dodging        | 2 |  2.0
Maces & Flails | 1 3 4 |  4.0
Throwing       | 3 |  3.5

Action                   |  1- 3 |  4- 6 |  7- 9 || total
-------------------------+-------+-------+-------++-------
Melee: Unarmed           |    29 |       |       ||    29
       Short sword       |    28 |       |       ||    28
       Mace              |       |    44 |     6 ||    50
       Quarterstaff      |       |    14 |       ||    14
 Fire: Hunting sling     |    35 |    24 |       ||    59
       Blowgun           |       |     5 |       ||     5
Throw: Large rock        |    26 |    17 |     1 ||    44
       Stone             |     5 |       |       ||     5
       Tomahawk          |       |     9 |       ||     9
 Cast: Corona            |    45 |    43 |     1 ||    89
Invok: Heroism           |       |       |     1 ||     1
  Use: Scroll            |       |    12 |       ||    12
  Eat: Chunk             |     5 |     8 |       ||    13
Armor: Robe              |    51 |    28 |       ||    79
Dodge: Dodged            |    68 |    47 |     1 ||   116

Table legend:
 A = Spawn XP
 B = Non-spawn XP
 C = Spawn XP percentage of total XP
 D = Spawn monster count
 E = Non-spawn monster count
 F = Spawn count percentage of total count
 G = Total turns spent on level
                    A         B        C        D         E        F      G
               +---------+---------+-------+---------+---------+-------+---------
         Total |       0 |     666 |   0.0 |       0 |      70 |   0.0 |  4898
               +---------+---------+-------+---------+---------+-------+---------
           D:1 |       0 |      47 |   0.0 |       0 |      24 |   0.0 |  1621
           D:2 |       0 |     114 |   0.0 |       0 |      20 |   0.0 |  1402
           D:3 |       0 |     368 |   0.0 |       0 |      18 |   0.0 |  1556
           D:4 |       0 |     137 |   0.0 |       0 |       8 |   0.0 |   319
               +---------+---------+-------+---------+---------+-------+---------
